 Dungeon Crawl Stone Soup version 0.27-a0-909-g0721f309d1 (webtiles) character file.

Game seed: 3996255848537913676

450 CovertPenguin the Ruffian (level 7, -9/61 HPs)
             Began as a Ghoul Monk on Apr 8, 2021.
             Was a Follower of Ru.
             Mangled by an ogre
             ... wielding a +0 giant club
              (31 damage)
             ... on level 4 of the Dungeon.
             The game lasted 00:07:40 (4247 turns).

CovertPenguin the Ruffian (Ghoul Monk)              Turns: 4247, Time: 00:07:40

Health: -9/61      AC:  3    Str: 13 (15) XL:     7   Next: 4%
Magic:  6/6        EV: 12    Int:  5      God:    Ru [*.....]
Gold:   204        SH:  0    Dex: 11 (13) Spells: 6/6 levels left

rFire    + . .     SeeInvis .     - Unarmed
rCold    + + .     Faith    .   (no shield)
rNeg     + + +     Spirit   .   q - +0 leather armour
rPois    ∞         Reflect  .   (no helmet)
rElec    .         Harm     .   (no cloak)
rCorr    .         Rampage  .   (no gloves)
Will     .....                  (no boots)
Stlth    ++........             (no amulet)
HPRegen  0.00/turn              o - ring of protection from cold
MPRegen  0.10/turn              i - ring of protection from fire

@: no status effects
A: claws 1, cold resistance 1, negative energy resistance 3, inhibited
regeneration, torment resistance 2, unbreathing 1, hated by all
a: Renounce Religion


You were on level 4 of the Dungeon.
You worshipped Ru.
Ru was aware of your devotion.
You visited 1 branch of the dungeon, and saw 4 of its levels.

You collected 204 gold pieces.

Inventory:

Missiles
 b - 11 poisoned darts (quivered)
 m - 76 stones
Armour
 q - a +0 leather armour (worn)
   (You took it off an orc on level 4 of the Dungeon)
Jewellery
 i - a ring of protection from fire (right claw)
   (You found it on level 3 of the Dungeon)
 o - a ring of protection from cold (left claw)
   (You found it on level 1 of the Dungeon)
Wands
 v - a wand of digging (2)
   (You found it on level 3 of the Dungeon)
Scrolls
 a - a scroll of noise {unknown}
 c - 5 scrolls of identify {unknown}
 d - a scroll of torment {unknown}
 f - a scroll of silence {unknown}
 h - a scroll of amnesia {unknown}
 j - a scroll of enchant weapon {unknown}
 k - a scroll of summoning {unknown}
 l - a scroll of blinking {unknown}
 n - a scroll of immolation {unknown}
 r - 2 scrolls of teleportation {unknown}
Potions
 e - a potion of attraction {unknown}
 p - a potion of might {unknown}


   Skills:
 + Level 5.5 Fighting
 - Level 2.6 Dodging
 - Level 2.1 Stealth
 * Level 7.2 Unarmed Combat


You had 6 spell levels left.
You didn't know any spells.
Your spell library contained the following spells:

 Spells                   Type           Power      Damage    Failure   Level
 Apportation              Tloc           0%         N/A       56%         1
 Corona                   Hex            0%         N/A       56%         1
 Animate Skeleton         Necr           Unusable   N/A       N/A         1
 Summon Small Mammal      Summ           Unusable   N/A       N/A         1

Dungeon Overview and Level Annotations

Branches:
Dungeon (4/15)
 Temple: D:4-7

Altars:
Ru

Shops:
D:1 *   D:3 =   D:4 :


Innate Abilities, Weirdness & Mutations

You thrive by killing the living.
You are immune to poison.
You have sharp fingernails.
Your flesh is cold resistant. (rC+)
You are immune to negative energy. (rN+++)
You do not regenerate when monsters are visible.
You are immune to unholy pain and torment.
You can survive without breathing.
You are hated by all.


Message History

Found a stone staircase leading up.
The helpless adder fails to defend itself.
You scratch the adder. The adder misses you.
You claw the adder!
You kill the adder!
No target in view!
Found a trident.
There is a stone staircase leading up here. 2 jackals come into view.
There are monsters nearby!
A quokka comes into view.
An ogre comes into view. It is wielding a +0 giant club.
A jackal comes into view.
The jackal barks! x2; The ogre shouts!
The jackal bites you but does no damage.
The jackal bites you. x2
You barely miss the jackal. The jackal barely misses you.
You redirect the jackal's attack!
The jackal barely misses the jackal.
The jackal barely misses you.
You scratch the jackal. The jackal barely misses you. The jackal misses you.
The jackal barely misses you. The quokka barely misses you.
You barely miss the jackal. The jackal bites you.
The jackal closely misses you. The jackal bites you. The quokka misses you.
The jackal closely misses you.
You closely miss the jackal. The jackal bites you.
The jackal bites you but does no damage.
The jackal barely misses you. The quokka bites you.
The jackal bites you but does no damage.
You closely miss the jackal. The jackal closely misses you. x2
The quokka barely misses you.
The jackal bites you but does no damage.
The jackal misses you.
You claw the jackal!
You kill the jackal!
The jackal bites you but does no damage.
The jackal bites you. The quokka barely misses you.
You scratch the quokka. The jackal barely misses you.
The jackal bites you but does no damage.
The quokka bites you.
You barely miss the quokka.
The jackal bites you but does no damage. x2
The ogre hits you with a +0 giant club!!
* * * LOW HITPOINT WARNING * * *
The quokka misses you. The jackal bites you.
* * * LOW HITPOINT WARNING * * *
The jackal bites you.
* * * LOW HITPOINT WARNING * * *
The ogre hits you with a +0 giant club!!
Ouch! That really hurt!
You die...

#.# #.. #.#
..... #.. #.#
#.....# #..
#.###.....
#..
##.........
#. #).
#......#.#...
#.#
#.####.#.#.##
#..
#...........#
###
####@rh.###
... #.Oh.# ##
###†..# ....#
# .....# #
........ .###
....#.#...
.... #..#.
.#.##. .###
#..#. ....
#..


You could see an ogre, a quokka and 2 jackals.

Vanquished Creatures
  The ghost of poo4u the Conjurer, an amateur VSCj of Vehumet (D:3)
  2 scorpions (D:4)
  A water moccasin skeleton (D:4)
  An orc priest (D:3)
  Natasha (twice) (D:4)
  An orc wizard (D:4)
  A hound skeleton (D:4)
  6 adders
  An adder skeleton (D:4)
  6 dart slugs
  8 orcs
  5 ball pythons
  8 endoplasms
  A giant cockroach (D:3)
  9 goblins
  6 hobgoblins
  2 jackals
  A quokka (D:1)
  5 bats
  7 kobolds
  4 rats
78 creatures vanquished.

Vanquished Creatures (others)
  An orc (D:3)
1 creature vanquished.

Grand Total: 79 creatures vanquished

Notes
Turn   | Place    | Note
-------+----------+-------------------------------------------
     0 | D:1      | CovertPenguin the Ghoul Monk began the quest for the Orb.
     0 | D:1      | Reached XP level 1. HP: 19/19 MP: 0/0
    33 | D:1      | Reached XP level 2. HP: 20/26 MP: 1/1
   383 | D:1      | Found Kulavypitash's Assorted Antiques.
   404 | D:1      | Reached skill level 4 in Unarmed Combat
   587 | D:1      | Reached XP level 3. HP: 32/33 MP: 2/2
   922 | D:2      | Found a faded altar of an unknown god.
  1048 | D:2      | Became a worshipper of Ru the Awakened
  1062 | D:2      | Gained mutation: You are hated by all. [Ru sacrifice]
  1062 | D:2      | Reached * piety under Ru
  1614 | D:3      | Reached XP level 4. HP: 34/40 MP: 3/3
  1621 | D:3      | HP: 2/40 [orc/+0 trident (6)]
  1981 | D:3      | Reached skill level 5 in Unarmed Combat
  2201 | D:3      | Found a runed translucent door.
  2202 | D:3      | Noticed poo4u's ghost (amateur VSCj)
  2340 | D:3      | Reached XP level 5. HP: 47/47 MP: 4/4
  2340 | D:3      | Found Alenamac's Jewellery Emporium.
  2968 | D:4      | HP: 1/47 [orc/+0 flail (9)]
  3345 | D:3      | Killed poo4u's ghost
  3499 | D:4      | Reached skill level 6 in Unarmed Combat
  3647 | D:4      | Noticed Natasha
  3658 | D:4      | Killed Natasha
  3659 | D:4      | Reached XP level 6. HP: 45/55 MP: 5/5
  3723 | D:4      | Reached skill level 5 in Fighting
  3881 | D:4      | Found Xizxeticw's Book Shoppe.
  4097 | D:4      | Reached skill level 7 in Unarmed Combat
  4142 | D:4      | Noticed Natasha
  4148 | D:4      | Killed Natasha
  4192 | D:4      | Reached XP level 7. HP: 61/61 MP: 6/6
  4247 | D:4      | Mangled by an ogre

Illustrated notes

Levels and vault maps discovered:
D:1:      minmay_arrival_arboretum_small, layout_rooms, serial_shops, shop,
          minmay_hexomino_c4
D:2:      layout_loops_cross, ebering_ecumenical_altar_ruins
D:3:      layout_loops_ring, ebering_ghost_reflecting_pool, serial_shops,
          shop_statue, minmay_misc_feat_secret_circle, minmay_misc_feat_five
D:4:      layout_basic, minmay_temple_entry_ruins, serial_shops, shop,
          uniq_natasha

Skill      XL: |  1  2  3  4  5  6 |
---------------+-------------------+-----
Unarmed Combat | 4 5 6 7 |  7.2
Fighting       | 4 5 |  5.5
Dodging        | |  2.6
Stealth        | |  2.1

Action                   |  1- 3 |  4- 6 |  7- 9 || total
-------------------------+-------+-------+-------++-------
Melee: Unarmed           |   109 |   173 |    10 ||   292
       Punch             |       |     5 |       ||     5
Throw: Dart              |     1 |       |       ||     1
Invok: Sacrifice Love    |     1 |       |       ||     1
Evoke: Wand              |       |     1 |       ||     1
  Use: Potion            |       |     3 |       ||     3
 Stab: Sleeping          |     3 |     2 |     1 ||     6
       Distracted        |       |     1 |       ||     1
Armor: Robe              |    27 |     4 |       ||    31
       Leather armour    |       |     6 |     8 ||    14
Dodge: Dodged            |    67 |    70 |    18 ||   155

Table legend: (Time is in decaauts)
 A = Elapsed time spent in this place.
 B = Non-inter-level travel time spent in this place.
 C = Inter-level travel time spent in this place.
 D = Time resting spent in this place.
 E = Time spent auto-exploring this place.
 F = Levels seen in this place.
 G = Mean time per level.
                   A        B        C        D        E       F      G
               +--------+--------+--------+--------+--------+-----+--------+
         Total |   4218 |   3998 |    220 |    821 |   2535 |   4 | 1054.5 |
       Dungeon |   4218 |   3998 |    220 |    821 |   2535 |   4 | 1054.5 |
               +--------+--------+--------+--------+--------+-----+--------+

Top non-repeatable levels by time:
     D:3: 1941 daAuts
     D:2: 799 daAuts
     D:4: 784 daAuts
     D:1: 693 daAuts
